 Dungeon Crawl Stone Soup version 0.31-a0-740-g87205ac768 (webtiles) character file.

Game seed: 12719102785542698699

20444 Newt the Spry (level 12, -2/82 HPs)
             Began as a Merfolk Gladiator on Sept 12, 2023.
             Was an Elder of Hepliaklqana.
             Killed from afar by a deep elf knight (50 damage)
             ... with a shard of ice
             ... on level 14 of the Dungeon.
             The game lasted 00:18:29 (15462 turns).

Newt the Spry (Merfolk Gladiator)                  Turns: 15462, Time: 00:18:32

Health: -2/82      AC:  9    Str: 20    XL:     12   Next: 79%
Magic:  12/12      EV: 20    Int: 10    God:    Hepliaklqana [****..]
Gold:   1689       SH: 13    Dex: 17    Spells: 11/11 levels left

rFire   + . .        H - +10 demon trident "Jipis" {pain, Drain rCorr Dex+2 SInv}
rCold   . . .        y - +3 kite shield
rNeg    . . .        D - +0 steam dragon scales
rPois   .            t - +1 hat
rElec   .            (no cloak)
rCorr   +            s - +0 pair of gloves
SInv    +            (no boots)
Will    .....        N - amulet of the acrobat
Stlth   ++           F - ring "Dypygrix" {rF+ Int+3 Slay+3}
HPRegen 0.33/turn    I - ring of see invisible
MPRegen 0.13/turn

%: acrobat
@: studying Dodging
A: reduced essence, (nimble swimmer 2), mertail
a: Renounce Religion, Recall Ancestor, Ancestor Identity, Transference, Idealise


You were on level 14 of the Dungeon.
You worshipped Hepliaklqana.
Hepliaklqana was greatly pleased with you.
You visited 2 branches of the dungeon, and saw 15 of its levels.

You collected 1689 gold pieces.

Inventory:

Hand Weapons
 a - a +1 spear of venom
 b - a +5 spear
 e - a +1 trident
 H - the +10 demon trident "Jipis" (weapon) {pain, Drain rCorr Dex+2 SInv}
   (You acquired it on level 11 of the Dungeon)

   Dex+2:     It affects your dexterity (+2).
   SInv:      It lets you see invisible.
   rCorr:     It protects you from acid and corrosion.
   Drain:     It drains your maximum health when unequipped.
Missiles
 d - 2 throwing nets (quivered)
 g - 27 poisoned darts
 x - a javelin
 B - 6 boomerangs
Armour
 c - a +0 helmet
 j - a +0 helmet
 s - a +0 pair of gloves (worn)
 t - a +1 hat (worn)
 v - a +0 leather armour
 y - a +3 kite shield (worn)
 D - +0 steam dragon scales (worn)
Jewellery
 F - the ring "Dypygrix" (left hand) {rF+ Int+3 Slay+3}
   (You took it off an efreet on level 8 of the Dungeon)

   [ring of protection from fire]

   Int+3:     It affects your intelligence (+3).
   Slay+3:    It affects your accuracy & damage with ranged weapons and melee
   (+3).
   rF+:       It protects you from fire.
 I - a ring of see invisible (right hand)
 K - a ring of magical power
 L - an amulet of guardian spirit
 M - a ring of protection from cold
 N - an amulet of the acrobat (around neck)
 O - a ring of magical power
Wands
 k - a wand of paralysis (18)
 J - a wand of polymorph (11)
Scrolls
 h - a scroll of fog
 m - 5 scrolls of teleportation
 n - a scroll of noise
 o - 4 scrolls of amnesia
 u - 3 scrolls of immolation
 w - 2 scrolls of revelation
Potions
 f - a potion of cancellation
 i - a potion of ambrosia
 l - a potion of lignification
 p - a potion of haste
 q - 4 potions of heal wounds
 r - 2 potions of resistance
 z - a potion of mutation
 A - a potion of invisibility
 C - a potion of brilliance
 E - 2 potions of degeneration {unknown}
 G - 3 potions of curing


   Skills:
 - Level 8.0 Fighting
 - Level 14.0 Polearms
 - Level 2.0 Throwing
 - Level 8.7 Armour
 + Level 15.1 Dodging
 - Level 5.0 Shields
 - Level 5.0 Evocations


You had 11 spell levels left.
You didn't know any spells.
Your spell library contained the following spells:

 Spells                   Type           Power      Damage    Failure   Level
 Magic Dart               Conj           0%         1d3       65%         1
 Sting                    Tmut/Pois      0%         1d3       65%         1
 Blink                    Tloc           0%         N/A       78%         2
 Call Imp                 Summ           0%         N/A       78%         2
 Cigotuvi's Dreadful Rot  Necr/Pois/Air  0%         N/A       78%         2
 Ensorcelled Hibernation  Hex/Ice        0%         N/A       78%         2
 Momentum Strike          Conj/Tloc      0%         3d8       78%         2
 Passwall                 Tmut/Erth      0%         N/A       78%         2
 Dazzling Flash           Conj/Hex       0%         N/A       95%         3
 Frozen Ramparts          Ice            0%         1d1       95%         3
 Mephitic Cloud           Conj/Pois/Air  0%         N/A       95%         3
 Summon Guardian Golem    Hex/Summ       0%         N/A       95%         3
 Swiftness                Air            0%         N/A       95%         3
 Volatile Blastmotes      Fire/Tloc      0%         2d10      95%         3
 Dispel Undead            Necr           0%         3d6       100%        4
 Iskenderun's Mystic Bla  Conj/Tloc      0%         2d3       100%        4
 Manifold Assault         Tloc           0%         N/A       100%        4
 Passage of Golubria      Tloc           0%         N/A       100%        4
 Petrify                  Tmut/Erth      0%         N/A       100%        4
 Metabolic Englaciation   Hex/Ice        0%         N/A       100%        5
 Death Channel            Necr           0%         N/A       100%        6
 Starburst                Conj/Fire      0%         6d3       100%        6
 Orb of Destruction       Conj           0%         9d5       100%        7
 Spellforged Servitor     Conj/Summ      0%         N/A       100%        7
 Maxwell's Capacitive Co  Air            0%         ∞         100%        8


Dungeon Overview and Level Annotations

Branches:
Dungeon (14/15)            Temple (1/1) D:5            Lair (0/5) D:8
    Orc (0/2) D:9
 Vaults: D:13-14

Altars:
Ashenzari
Cheibriados
Dithmenos
Elyvilon
Fedhas
Gozag
Hepliaklqana
Kikubaaqudgha
Makhleb
Nemelex Xobeh
Okawaru
Qazlal
Ru
Sif Muna
Trog
Uskayaw
Vehumet
Wu Jian
Xom
Yredelemnul
Zin
The Shining One

Shops:
D:7 :   D:10 (

Annotations:
D:4 1 runed translucent door, Fodor's ghost, amateur MiFi
D:5 3 runed translucent doors, miscthings's ghost, amateur GnWn
Temple 2 transporters


Innate Abilities, Weirdness & Mutations

Your life essence is reduced to manifest your ancestor. (-10% HP)
((You are very nimble when in or above water. (Stealth+, EV+, Speed+++)))
Your lower body shifts to a powerful aquatic tail in water.


Message History

The deep elf knight casts a spell at you.
The shard of ice hits you!!
Sinnashi hits the yaktaur with a +0 flail!
Unknown command.
You strike the helpless yaktaur from behind!
You skewer the yaktaur like a kebab!!!
You kill the yaktaur!
Your Dodging skill increases to level 15!
The deep elf knight mumbles some strange words.
The deep elf knight flickers and vanishes for a moment.
The deep elf knight hits Sinnashi with a +0 long sword!
Reach: H) +10 demon trident "Jipis" {pain, Drain rCorr Dex+2 SInv}
Press: ? - help, Dir - move target, f - you
Okay, then.
A yaktaur comes into view.
The yaktaur shouts!
The yaktaur wields a +0 arbalest.
The yaktaur shoots a bolt.
The bolt misses the deep elf knight.
The bolt hits Sinnashi!!
The deep elf knight casts a spell at you.
The shard of ice hits Sinnashi!!
Sinnashi partially resists.
Sinnashi is destroyed!
Unknown command.
There is a stone staircase leading down here.
You block the deep elf knight's attack.
The yaktaur shoots a bolt.
The bolt misses the deep elf knight.
The bolt closely misses you.
You climb downwards.
There is a stone staircase leading up here.
Unknown command.
Throw: 3 throwing nets
Press: ? - help, Q - select action, (/) - cycle Shift-Dir - straight line, f - deep elf knight
Aim: a deep elf knight, wielding a +0 long sword and wearing a +0 scale mail (fast, slightly transparent, 48% to hit)
You throw a throwing net.
The throwing net hits the deep elf knight.
The deep elf knight is caught in the net!
The deep elf knight struggles against the net.
The deep elf knight gestures at you while chanting.
The shard of ice hits you!!!
Ouch! That really hurt!
You die...

######+##
.........
###........
#..........
#...e......
#..@(......
#..........
#..........
+..........
#..........
###########


You could see a deep elf knight (fast, invisible, caught).

Vanquished Creatures
  A stone giant (D:11)
  A hydra (D:13)
  The ghost of cforsyth the Prestidigitator, a journeyman GnAr of Hepliaklqana (D:11)
  A boulder beetle (D:12)
  3 two-headed ogres
  2 deep elf zephyrmancers (D:13)
  2 ugly things
  2 manticores
  A deep elf pyromancer (D:13)
  2 cyclopes
  2 centaur skeletons (D:13)
  An unseen horror (D:11)
  Maggie (D:10)
  3 yaktaurs (D:13)
  A kobold demonologist (D:11)
  An efreet (D:8)
  2 trolls
  Prince Ribbit (D:5)
  A slime creature (D:12)
  Sigmund (D:5)
  A vampire (D:9)
  2 shadows
  12 yaks
  A wraith (D:10)
  A basilisk (D:11)
  2 steam dragons
  2 vampire mosquitoes
  Grum (D:11)
  A warg (D:9)
  2 acid dragons
  5 water moccasins
  5 orc warriors
  2 ice beasts
  2 wolves (D:11)
  2 ogres (D:5)
  3 centaurs
  5 kobold brigands
  3 bullfrogs
  2 gnoll sergeants (D:5)
  9 wights
  3 killer bees (D:8)
  2 howler monkeys (D:4)
  3 lava snakes (D:8)
  A jelly (D:4)
  3 hounds
  5 orc priests
  A gnoll bouda (D:8)
  12 orc wizards
  Robin (D:2)
  9 adders
  19 gnolls
  A shadow imp (D:6)
  3 white imps
  An ufetubus (D:4)
  2 worms (D:2)
  4 dart slugs
  30 orcs
  4 bats
  3 endoplasms
  4 giant cockroaches
  9 goblins
  16 hobgoblins
  5 jackals
  14 kobolds
  3 quokkas
  5 ball pythons
  4 frilled lizards
  4 rats
264 creatures vanquished.

Vanquished Creatures (collateral kills)
  A hornet (D:10)
  2 wraiths
  A wyvern (D:9)
  4 vampire mosquitoes (D:11)
  A basilisk (D:11)
  A water moccasin (D:7)
  An orc warrior (D:9)
  2 wights
  A killer bee (D:8)
  2 orc priests
  An iguana (D:7)
  2 orc wizards (D:9)
  A gnoll (D:8)
  7 orcs
  A kobold (D:7)
28 creatures vanquished.

Vanquished Creatures (others)
  6 knights
  9 ancestors
15 creatures vanquished.

Grand Total: 307 creatures vanquished

Notes
Turn   | Place    | Note
-------+----------+-------------------------------------------
     0 | D:1      | Newt the Merfolk Gladiator began the quest for the Orb.
     0 | D:1      | Reached XP level 1. HP: 16/16 MP: 1/1
   172 | D:1      | Reached XP level 2. HP: 20/23 MP: 2/2
   513 | D:1      | Reached XP level 3. HP: 27/30 MP: 3/3
   759 | D:2      | Noticed Robin
   768 | D:2      | Killed Robin
  1020 | D:2      | Reached XP level 4. HP: 31/38 MP: 4/4
  1372 | D:2      | Reached skill level 5 in Fighting
  1383 | D:2      | Reached XP level 5. HP: 25/44 MP: 5/5
  1684 | D:2      | Reached skill level 5 in Polearms
  2684 | D:4      | Found an iron altar of Okawaru.
  2805 | D:4      | Reached XP level 6. HP: 47/51 MP: 6/6
  2971 | D:4      | Found a runed translucent door.
  3104 | D:4      | Noticed Fodor's ghost (amateur MiFi)
  3513 | D:5      | Entered Level 5 of the Dungeon
  4327 | D:5      | Reached XP level 7. HP: 18/56 MP: 7/7
  4388 | D:5      | Found a staircase to the Ecumenical Temple.
  5009 | Temple   | Found a transporter.
  5009 | Temple   | Found a transporter.
  5009 | Temple   | Found a transporter.
  5009 | Temple   | Found a transporter.
  5009 | Temple   | Entered the Ecumenical Temple
  5022 | Temple   | Became a worshipper of Hepliaklqana the Forgotten
  5056 | D:5      | Noticed Prince Ribbit
  5060 | D:5      | Noticed Sigmund
  5752 | D:4      | Reached skill level 10 in Polearms
  5752 | D:4      | Reached skill level 5 in Dodging
  6450 | D:5      | Reached XP level 8. HP: 53/62 MP: 8/8
  6458 | D:4      | Reached skill level 6 in Dodging
  6659 | D:5      | Killed Sigmund
  6660 | D:5      | Reached skill level 7 in Dodging
  6733 | D:5      | Found a runed translucent gate.
  6733 | D:5      | Found a runed translucent gate.
  6733 | D:5      | Found a runed translucent gate.
  6735 | D:5      | Found an opulent altar of Gozag.
  6736 | D:5      | Noticed a shadow
  6736 | D:5      | Noticed miscthings's ghost (amateur GnWn)
  6786 | D:5      | Reached skill level 8 in Dodging
  6797 | D:5      | Killed Prince Ribbit
  6798 | D:5      | Reached skill level 9 in Dodging
  7226 | D:6      | Reached XP level 9. HP: 17/71 MP: 9/9
  8318 | D:6      | Reached * piety under Hepliaklqana
  8827 | D:7      | Reached skill level 1 in Shields
  8830 | D:7      | Found Ingiodud's Vocational Training.
  9263 | D:7      | Reached skill level 5 in Shields
  9370 | D:7      | Found a hide-covered altar of Uskayaw.
  9379 | D:7      | Found a basalt altar of Yredelemnul.
  9379 | D:7      | Found an ornate altar of the Wu Jian Council.
  9383 | D:7      | Found a blossoming altar of Fedhas.
  9393 | D:7      | Found a snail-covered altar of Cheibriados.
  9395 | D:7      | Found an ancient bone altar of Kikubaaqudgha.
  9399 | D:7      | Found a shimmering altar of Xom.
  9400 | D:7      | Found a radiant altar of Vehumet.
  9417 | D:7      | Reached skill level 1 in Armour
  9753 | D:7      | Reached skill level 1 in Evocations
  9754 | D:7      | Noticed a cyclops
  9788 | D:7      | Killed a cyclops
  9789 | D:7      | Reached XP level 10. HP: 57/72 MP: 10/10
 10023 | D:7      | Reached skill level 5 in Evocations
 10213 | D:8      | Found a sacrificial altar of Ru.
 10251 | D:8      | Identified the ring "Dypygrix" {rF+ Int+3 Slay+3}
 10692 | D:9      | Noticed a two-headed ogre
 10725 | D:8      | Found a staircase to the Lair.
 10753 | D:8      | Found a bloodstained altar of Trog.
 10768 | D:8      | Identified a scroll of acquirement
 10768 | D:8      | Acquired 965 gold pieces
 10907 | D:8      | Reached ** piety under Hepliaklqana
 10908 | D:8      | Remembered your ancestor Sinnashi as a knight
 11441 | D:9      | Found a staircase to the Orcish Mines.
 11513 | D:9      | Killed a two-headed ogre
 11514 | D:9      | Reached XP level 11. HP: 47/77 MP: 11/11
 11687 | D:9      | Reached skill level 10 in Dodging
 11791 | D:9      | Got the Secrets of Relocated Reformation
 12119 | D:9      | Identified the +4 war axe "Nuifuoq" {venom, rPois Int+6}
 12177 | D:10     | Entered Level 10 of the Dungeon
 12177 | D:10     | Noticed Maggie
 12195 | D:10     | Killed Maggie
 12196 | D:10     | Reached skill level 11 in Dodging
 12371 | D:10     | Noticed a manticore
 12384 | D:10     | Killed a manticore
 12496 | D:10     | Noticed a two-headed ogre
 12507 | D:10     | Killed a two-headed ogre
 12574 | D:10     | Reached skill level 12 in Dodging
 12577 | D:10     | Found Uxuotrew's Weapon Shop.
 12788 | D:10     | Acquired a manual of Dodging
 13073 | D:10     | Reached *** piety under Hepliaklqana
 13107 | D:10     | Paralysed by a hornet for 2 turns
 13109 | D:10     | Reached skill level 13 in Dodging
 13557 | D:11     | Noticed a cyclops
 13570 | D:11     | Reached skill level 14 in Dodging
 13574 | D:11     | Killed a cyclops
 13721 | D:11     | Noticed a brown ugly thing
 13758 | D:11     | Killed a brown ugly thing
 14082 | D:11     | Acquired the +10 demon trident "Jipis" {pain, Drain rCorr
                  | Dex+2 SInv}
 14099 | D:11     | Reached skill level 5 in Armour
 14099 | D:11     | Noticed a manticore
 14116 | D:11     | Killed a manticore
 14117 | D:11     | Reached XP level 12. HP: 81/82 MP: 12/12
 14143 | D:11     | Noticed Grum
 14154 | D:11     | Killed Grum
 14198 | D:11     | Found a runed translucent door.
 14228 | D:11     | Noticed cforsyth's ghost (journeyman GnAr)
 14229 | D:11     | Noticed a stone giant
 14243 | D:11     | Killed cforsyth's ghost
 14253 | D:11     | Killed a stone giant
 14265 | D:12     | Noticed a boulder beetle
 14275 | D:12     | Killed a boulder beetle
 14609 | D:13     | Noticed a two-headed ogre
 14615 | D:13     | Killed a two-headed ogre
 14624 | D:13     | Reached **** piety under Hepliaklqana
 14682 | D:13     | Noticed a five-headed hydra
 14688 | D:13     | Killed a five-headed hydra
 15007 | D:13     | Noticed a deep elf knight
 15457 | D:13     | Reached skill level 15 in Dodging
 15462 | D:14     | Killed from afar by a deep elf knight

Illustrated notes

Levels and vault maps discovered:
D:1:      wander_arrival_peaceful_grave, layout_loops_ring
D:2:      layout_basic, uniq_robin
D:3:      layout_basic, bh_walls_and_bars
D:4:      layout_gridville, mainiacjoe_overflow_concentric_impassable,
          ebering_ghost_sewer_d, grunt_decor_resistance, solitary_fountain
D:5:      layout_rooms, minmay_temple_entry_gardened_gates, ebering_ghost_gozag,
          uniq_prince_ribbit1, uniq_sigmund
D:6:      layout_basic, hangedman_decor_slide_cut
D:7:      minmay_chambers_of_sixes, layout_cave_pools,
          nicolae_overflow_hallway_of_the_gods, nicolae_shop_vocational
D:8:      layout_rooms, mainiacjoe_overflow_boulevard, lemuel_doored_altar,
          lair_entry_dummy, kennysheep_island_fort
D:9:      layout_cave_pools, david_orc_3, minmay_misc_feat_more_columns
D:10:     layout_small_grid, serial_shops, shop_fountains, uniq_maggie
D:11:     layout_rooms, ebering_ghost_inner_flame, uniq_grum
D:12:     kennysheep_four_of_diamonds, layout_basic
D:13:     layout_loops_ring, hangedman_vaults_entry_quadrant_bands, drop_trap,
          uniq_sonja, uniq_erolcha
D:14:     layout_roguey, serial_co_window_serial, co_window_corner_a,
          co_window_of_opportunity_a, co_window_paths_a, co_window_paths_a,
          co_window_corner_a, co_window_cross_2, co_window_of_opportunity_b,
          co_window_2corner, glass_columns_a, glass_columns_c, glass_columns_c,
          glass_columns_b, glass_columns_a, good_gods_temple_1
Temple:   hellmonk_temple_divided_pantheon

Skill      XL: |  1  2  3  4  5  6  7  8  9 10 11 12 |
---------------+-------------------------------------+-----
Fighting       | 3 4 5 6 8 |  8.0
Polearms       | 6 8 10 14 | 14.0
Dodging        | 5 9 14 15 | 15.1
Shields        | 5 |  5.0
Armour         | 3 5 8 |  8.7
Evocations     | 4 5 |  5.0
Throwing       | |  2.0

Action                     |  1- 3 |  4- 6 |  7- 9 | 10-12 || total
---------------------------+-------+-------+-------+-------++-------
  Melee: Trident           |   117 |    25 |       |       ||   142
         Punch             |     2 |     3 |       |       ||     5
         Spear             |       |   163 |   392 |   483 ||  1038
         Demon trident     |       |       |       |   150 ||   150
  Throw: Javelin           |       |     1 |     1 |       ||     2
         Throwing net      |       |     2 |     5 |     4 ||    11
 Invoke: Ancestor Life: Kn |       |       |       |     1 ||     1
         Recall Ancestor   |       |       |       |     1 ||     1
  Evoke: Wand              |       |       |       |     2 ||     2
    Use: Scroll            |     2 |     7 |     6 |    13 ||    28
         Potion            |       |       |     3 |     2 ||     5
   Stab: Sleeping          |     1 |     3 |       |       ||     4
         Held in net/web   |       |       |     4 |     1 ||     5
         Distracted        |       |       |     2 |     3 ||     5
         Paralysed         |       |       |       |     7 ||     7
 Armour: Leather armour    |    46 |    87 |    81 |       ||   214
         Skin              |       |       |     3 |       ||     3
         Steam dragon scal |       |       |    23 |   147 ||   170
  Dodge: Dodged            |    63 |    92 |   102 |   179 ||   436
  Block: Kite shield       |       |       |    87 |   174 ||   261

Table legend: (Time is in decaauts)
 A = Elapsed time spent in this place.
 B = Non-inter-level travel time spent in this place.
 C = Inter-level travel time spent in this place.
 D = Time resting spent in this place.
 E = Time spent auto-exploring this place.
 F = Levels seen in this place.
 G = Mean time per level.
                   A        B        C        D        E       F      G
               +--------+--------+--------+--------+--------+-----+--------+
         Total |  15124 |  14759 |    365 |   6014 |   6584 |  15 | 1008.3 |
       Dungeon |  15096 |  14742 |    354 |   6014 |   6584 |  14 | 1078.3 |
        Temple |     27 |     17 |     10 |      0 |      0 |   1 |   27.0 |
               +--------+--------+--------+--------+--------+-----+--------+

Top non-repeatable levels by time:
     D:4: 3019 daAuts
     D:6: 1694 daAuts
     D:5: 1409 daAuts
     D:2: 1316 daAuts
     D:7: 1315 daAuts
    D:10: 1233 daAuts
     D:9: 954 daAuts
     D:8: 937 daAuts
    D:11: 768 daAuts
     D:1: 705 daAuts
    D:13: 607 daAuts
     D:3: 577 daAuts
    D:14: 435 daAuts
    D:12: 121 daAuts
  Temple: 27 daAuts
